Map: Acid Plant LE

Players

Blast - Winner!

  • Race: Zerg Zerg
  • Spawn Location: 5:00

Miharu

  • Race: Zerg Zerg
  • Spawn Location: 11:00

Event: WCS Austin 2018

VOD

Have the link to the VOD?

Description

Time

  • Played on: June 1, 2018, 3:21 p.m.
  • Length: 12:32

All games in this series

Show
View Real Time Build Order
Export as new Build Order

Blast Zerg - Winner!

Build Orders: Hatch First 

Get SALT Encoding   

  12  0:01  Drone  
  13  0:13  Overlord  
  13  0:17  Drone  
  14  0:31  Drone x2  
  14  0:35  Drone  
  17  0:53  Hatchery  
  17  0:56  Drone  
  17  0:58  Extractor  
  17  1:00  Drone  
  17  1:15  Spawning Pool  
  16  1:20  Drone  
  16  1:23  Drone  
  18  1:29  Drone  
  19  1:40  Overlord  
  19  2:02  Queen, Metabolic Boost  
  19  2:04  Zergling x4  
  19  2:06  Queen  
  25  2:13  Zergling x2  
  25  2:14  Zergling x2  
  27  2:21  Spine Crawler  
  26  2:25  Zergling x2  
  26  2:29  Zergling x2  
  27  2:41  Baneling Nest  
  26  2:47  Queen  
  27  3:09  Queen  
  29  3:16  Zergling x6  
  29  3:17  Zergling x4  
  34  3:33  Queen  
  34  3:36  Baneling x5  
  32  3:58  Drone x4  
  35  4:05  Zergling x2  
  36  4:25  Overlord x2  
  35  4:50  Drone  
  35  4:51  Drone x9  
  44  5:00  Overlord  
  42  5:25  Zergling x8  
  42  5:26  Zergling x6  
  42  5:28  Zergling x8  
  51  5:37  Zergling x2  
  51  5:38  Roach Warren  
  51  5:40  Evolution Chamber  
  50  5:45  Baneling x3  
  50  5:47  Drone  
  51  5:51  Baneling  
  48  5:59  Hatchery  
  46  6:15  Drone x6  
  46  6:16  Overlord x2  
  46  6:17  Zerg Missile Weapons Level 1  
  51  6:27  Extractor  
  50  6:33  Baneling x3  
  48  6:53  Drone x7  
  48  6:54  Drone x3  
  56  6:58  Drone  
  56  6:59  Drone x2  
  59  7:05  Lair  
  59  7:06  Drone  
  60  7:09  Extractor  
  60  7:13  Drone x2, Queen  
  63  7:17  Drone  
  63  7:21  Drone  
  65  7:29  Drone  
  66  7:32  Drone x4  
  66  7:33  Drone  
  63  7:38  Zergling x8  
  63  7:43  Roach x2  
  69  7:58  Baneling x2  
  66  8:01  Roach x4  
  65  8:21  Ravager  
  65  8:26  Overlord x4  
  63  8:44  Overlord, Roach x2  
  63  8:45  Overlord x2  
  63  8:46  Roach x5  
  77  8:52  Roach  
  79  8:58  Ravager  
  74  9:06  Roach x3  
  72  9:14  Zergling x2  
  72  9:15  Zergling x8  
  77  9:19  Drone  
  77  9:22  Drone  
  79  9:25  Queen  
  79  9:26  Drone  
  79  9:28  Drone  
  83  9:34  Drone  
  83  9:37  Drone  
  85  9:38  Drone  
  85  9:41  Extractor  
  85  9:42  Extractor  
  86  9:45  Ravager x2  
  86  9:47  Drone  
  86  9:48  Drone  
  86  9:51  Baneling x2  
  88  9:53  Drone x3  
  88  9:54  Drone x2  
  88  9:55  Hatchery  
  89  10:05  Drone x3  
  89  10:06  Queen  
  93  10:12  Roach x2, Queen  
  97  10:17  Ravager x2  
  97  10:18  Ravager  
  100  10:21  Roach x2  
  100  10:23  Zergling x6  
  107  10:30  Zergling x4  
  107  10:32  Zergling x2  
  107  10:35  Overlord x2  
  110  10:40  Ravager  
  110  10:41  Ravager x2  
  112  10:55  Drone x5, Hydralisk Den  
  112  10:56  Drone  
  117  11:15  Roach  
  117  11:16  Roach x5  
  129  11:20  Spore Crawler  
  129  11:23  Spore Crawler  
  129  11:24  Hydralisk x4  
  131  11:35  Hydralisk x3  
  131  11:37  Zergling x4  
  138  11:46  Spore Crawler  
  137  11:47  Overlord x3  
  137  11:48  Overlord x2  
  136  11:58  Baneling  
Show
View Real Time Build Order
Export as new Build Order

Miharu Zerg 

Build Orders: Pool First, Zergling Baneling 

Get SALT Encoding   

  12  0:01  Drone  
  13  0:08  Extractor  
  12  0:27  Spawning Pool  
  11  0:29  Drone  
  11  0:34  Drone  
  13  0:40  Drone  
  14  0:52  Overlord  
  14  1:15  Zergling x6  
  17  1:21  Metabolic Boost  
  17  1:29  Queen  
  19  1:38  Overlord  
  19  1:51  Baneling Nest  
  19  1:52  Drone  
  19  1:58  Zergling x2  
  20  2:25  Hatchery  
  20  2:30  Zergling x2  
  20  2:34  Zergling x2  
  20  2:42  Baneling x2  
  20  2:43  Baneling  
  20  2:47  Zergling x2  
  21  2:51  Drone  
  21  2:55  Zergling x2  
  23  3:04  Zergling x2  
  23  3:05  Zergling x2  
  24  3:10  Zergling x2  
  25  3:16  Zergling x2  
  25  3:18  Baneling  
  23  3:28  Zergling x4  
  23  3:31  Zergling x2  
  23  3:34  Baneling  
  24  3:38  Drone  
  25  3:44  Drone  
  25  3:53  Zergling x4  
  27  3:55  Baneling  
  27  3:56  Baneling  
  27  3:59  Zergling x2  
  28  4:06  Queen  
  30  4:11  Baneling x2  
  30  4:22  Zergling x4  
  30  4:23  Zergling x2  
  33  4:24  Zergling x2  
  34  4:35  Overlord  
  34  4:36  Drone  
  35  4:40  Overlord  
  35  4:51  Baneling x2  
  35  4:52  Baneling  
  34  4:56  Zergling x4  
  34  4:58  Zergling x2  
  37  5:07  Zergling x2  
  37  5:08  Zergling x2  
  37  5:24  Zergling x2  
  37  5:25  Zergling x2  
  37  5:27  Zergling x2  
  37  5:28  Zergling x4  
  35  5:30  Drone x3  
  35  5:31  Drone  
  35  5:33  Baneling  
  39  5:36  Drone  
  39  5:40  Drone  
  41  5:46  Baneling  
  41  5:51  Zergling x4  
  41  5:52  Drone  
  43  6:00  Zergling x4  
  45  6:08  Zergling x2  
  44  6:14  Zergling x2  
  44  6:17  Baneling x2  
  44  6:18  Zergling x4  
  47  6:19  Queen  
  47  6:24  Drone x2  
  47  6:25  Baneling x2  
  50  6:32  Overlord  
  50  6:34  Baneling  
  44  7:02  Baneling x3  
  44  7:03  Overlord  
  44  7:04  Overlord  
  44  7:08  Drone, Extractor x2  
  43  7:11  Overlord  
  43  7:16  Overlord  
  43  7:21  Queen x2  
  43  7:22  Drone  
  48  7:23  Drone x2  
  48  7:24  Drone  
  48  7:29  Baneling x2  
  51  7:30  Zergling x2  
  51  7:31  Zergling x2  
  51  7:33  Zergling x2  
  53  7:37  Zergling x2  
  53  7:40  Zergling x2  
  53  7:41  Zergling x2  
  53  7:43  Baneling x2  
  55  7:45  Zergling x2  
  55  7:48  Zergling x2  
  56  7:54  Zergling x6  
  56  7:55  Zergling x2  
  59  8:01  Zergling x4  
  59  8:03  Zergling x2  
  59  8:04  Zergling x2  
  61  8:05  Zergling x2  
  61  8:08  Zergling x2  
  61  8:13  Zergling x2  
  61  8:15  Zergling x4  
  61  8:16  Zergling x2  
  61  8:18  Zergling x2  
  62  8:23  Zergling x2  
  61  8:28  Zergling x2  
  55  8:35  Zergling x2  
  55  8:37  Baneling x3  
  54  8:41  Zergling x2  
  54  8:45  Zergling x2  
  56  8:50  Zergling x2  
  55  8:57  Zergling x2  
  51  9:05  Zergling x2  
  51  9:06  Zergling x2  
  49  9:10  Zergling x6  
  49  9:11  Zergling x6  
  49  9:12  Zergling x2  
  53  9:23  Zergling x2  
  53  9:24  Zergling x2  
  55  9:30  Zergling x2  
  56  9:32  Baneling x3  
  56  9:35  Zergling x2  
  56  9:38  Zergling x2  
  58  9:39  Zergling x4  
  58  9:40  Zergling x6  
  58  9:42  Zergling x2  
  64  9:47  Baneling x4  
  64  9:48  Zergling x2  
  65  9:53  Zergling x2  
  65  9:56  Zergling x2  
  62  10:04  Hatchery  
  62  10:06  Zergling x4  
  60  10:09  Zergling x4  
  62  10:14  Overlord  
  62  10:16  Drone x3  
  65  10:33  Zergling x4  
  67  10:39  Zergling x2  
  68  10:47  Roach Warren  
  60  11:07  Zergling x6  
  60  11:09  Zergling x4  
  60  11:10  Zergling x6  
  65  11:16  Zergling x2  
  58  11:31  Roach x2  
  58  11:32  Roach x2  
  64  11:33  Roach, Zergling x6  
  64  11:34  Roach  
  64  11:35  Roach x2  
  64  11:36  Roach  
  73  11:42  Evolution Chamber  
  73  11:44  Drone  
  73  11:46  Drone  
  74  11:49  Queen  
  74  11:52  Roach x3  
  82  11:55  Roach  
  82  11:56  Roach  
  82  11:59  Baneling  
  82  12:00  Baneling x4  
  86  12:02  Roach  
  86  12:06  Roach  
Tags
 
Add a new tag
Caveats
  • Supply blocks, unpowered buildings, or Contaminate may cause inaccurate times.
  • Supply counts are checked every 10 seconds.